 Dungeon Crawl Stone Soup version 0.22-a0-825-ga28c36f (webtiles) character file.

56 inc the Sneak (level 3, 14/14 HPs)
             Began as a Felid Enchanter on July 24, 2018.
             Quit the game on level 4 of the Dungeon.
             The game lasted 00:03:35 (3170 turns).

inc the Sneak (Felid Enchanter)                     Turns: 3170, Time: 00:03:36

Health: 14/14      AC:  1    Str:  4    XL:     3   Next: 69%
Magic:  7/7        EV: 18    Int: 17    God:
Gold:   167        SH:  0    Dex: 16    Spells: 3/6 levels left
                                        Lives:  0   Deaths: 1

rFire    . . .     SeeInvis +     - Unarmed
rCold    . . .     Gourm    .   (shield unavailable)
rNeg     . . .     Faith    .   (armour unavailable)
rPois    .         Spirit   .   (helmet unavailable)
rElec    .         Reflect  .   (cloak unavailable)
rCorr    .         Harm     .   (gloves unavailable)
MR       .....                  (boots unavailable)
Stlth    +++.......             (no amulet)
HPRegen  0.04/turn              (no ring)
MPRegen  0.10/turn              (no ring)

@: quick
A: very small, no armour, no weapons or thrown items, stealth, claws 1, fangs 3,
see invisible, carnivore, speed 1, shaggy fur 1, slow metabolism 1, sharp paws
a: no special abilities


You were on level 4 of the Dungeon.
You were not hungry.

You visited 1 branch of the dungeon, and saw 4 of its levels.

You collected 167 gold pieces.

Inventory:

Jewellery
 o - a -3 ring of dexterity
Scrolls
 a - 4 scrolls of teleportation
 d - 3 scrolls of remove curse
 e - 3 scrolls of fear
 f - 2 scrolls of identify {unknown}
 g - 2 scrolls of enchant armour {unknown}
 h - a scroll of blinking {unknown}
 i - a scroll of enchant weapon {unknown}
 j - 2 scrolls of amnesia {unknown}
 l - a scroll of noise {unknown}
 q - a scroll of immolation {unknown}
Potions
 c - 3 potions of curing {unknown}
 k - 2 potions of might {unknown}
 m - a potion of mutation {unknown}
 n - a potion of degeneration {unknown}
 p - a potion of haste {unknown}
 r - a potion of brilliance {unknown}
 s - 2 potions of agility {unknown}
Comestibles
 b - 7 rations


   Skills:
 - Level 2.6 Dodging
 - Level 5.1 Stealth
 - Level 3.2 Unarmed Combat
 - Level 2.0 Spellcasting
 + Level 5.0 Hexes
 + Level 1.2 Ice Magic


You had 3 spell levels left.
You knew the following spells:

 Your Spells              Type           Power        Failure   Level  Hunger
a - Corona                Hex            ###....      2%          1    #......
b - Ensorcelled Hibernat  Hex/Ice        ##....       9%          2    ###....

Your spell library contained the following spells:

 Spells                   Type           Power        Failure   Level  Hunger
 Confuse                  Hex            ###.....     8%          3    ###....
 Tukima's Dance           Hex            ###.....     8%          3    ###....
 Dazzling Spray           Conj/Hex       ##....       21%         3    ###....


Dungeon Overview and Level Annotations

Branches:
Dungeon (4/15)
 Temple: D:4-7

Altars:

Annotations:
D:4 Edmund, Menkaure


Innate Abilities, Weirdness & Mutations

You cannot wear armour.
You are incapable of wielding weapons or throwing items.
Your paws allow you to move quietly. (Stealth)
You have sharp claws.
You have razor-sharp teeth.
You have supernaturally acute eyesight. (SInv)
You are carnivorous and can eat meat at any time.
You cover ground quickly.
You are covered in fur. (AC +1)
You have a slow metabolism.
Your sharp claws are effective at attacking unaware monsters.


Message History

Confirm with . or Enter, or press ? or * to list all spells.
Aiming: Ensorcelled Hibernation (safe; 9% risk of failure)
Press: ? - help, Shift-Dir - straight line, f/p - Edmund
Aim: Edmund, wielding a flail of crushing and wearing a scale mail (heavily wounded, chance to defeat MR: 43%) Edmund looks drowsy...
The helpless Edmund fails to defend himself.
You mangle Edmund!!
Edmund is almost dead.
Edmund completely misses you.
You completely miss Edmund.
Edmund is almost dead.
Edmund closely misses you.
You barely miss Edmund.
Edmund is almost dead.
Edmund hits you with a flail of crushing!
Ouch! That really hurt!
You die...
You are now level 3!
You rejoin the land of the living...
Are you sure you want to abandon this character and quit the game? (Confirm with "yes".)

### #..
#.# #.#
#.# #@#
.....$..#
#########


There were no monsters in sight!

Vanquished Creatures
  5 adders
  An ooze (D:2)
  A dart slug (D:2)
  3 leopard geckos
  An orc (D:3)
  4 bats (D:2)
  3 giant cockroaches (D:3)
  11 goblins
  4 hobgoblins
  8 kobolds
  A quokka (D:2)
  2 ball pythons
  5 frilled lizards
  12 rats
61 creatures vanquished.

Notes
Turn   | Place    | Note
-------+----------+-------------------------------------------
     0 | D:1      | inc the Felid Enchanter began the quest for the Orb.
     0 | D:1      | Reached XP level 1. HP: 7/7 MP: 4/4
   414 | D:2      | Reached XP level 2. HP: 11/11 MP: 6/6
   421 | D:2      | Learned a level 2 spell: Ensorcelled Hibernation
   830 | D:2      | Reached XP level 3. HP: 10/14 MP: 4/7
  1287 | D:2      | Reached skill level 5 in Stealth
  1671 | D:2      | Reached XP level 4. HP: 18/18 MP: 3/8
  2741 | D:3      | Reached skill level 5 in Hexes
  2741 | D:3      | Reached skill level 1 in Ice Magic
  3157 | D:4      | Noticed Edmund
  3159 | D:4      | Noticed Menkaure
  3169 | D:4      | Slain by Edmund
  3170 | D:4      | Reached XP level 3. HP: -3/14 MP: 2/7
  3170 | D:4      | Quit the game

Vault maps used:
D:1:      nzn_arrival_settlement
D:2:      serial_co_window_serial, co_window_corner_a, co_window_paths_b,
          co_window_paths_a, co_window_corner_a, co_window_paths_a,
          co_window_paths_b, co_window_corner_b, co_window_corner_ca,
          co_window_2corner, co_window_broadway_a, glass_columns_b,
          glass_columns_b, glass_columns_b, glass_columns_b
D:3:      first_ration, minivault_27, kennysheep_generic_room_6
D:4:      gammafunk_ghost_necromancy, uniq_edmund, uniq_natasha, uniq_menkaure

Skill      XL: |  1  2  3  4 |
---------------+-------------+-----
Unarmed Combat | 2 3 |  3.2
Stealth        | 5 |  5.1
Hexes          | 5 |  5.0
Ice Magic      | 1 |  1.2
Dodging        | |  2.6
Spellcasting   | |  2.0

Action                   |  1- 3 |  4- 6 || total
-------------------------+-------+-------++-------
Melee: Unarmed           |    63 |    54 ||   117
       Bite              |     5 |     2 ||     7
       Punch             |       |     1 ||     1
 Cast: Corona            |     1 |       ||     1
       Ensorcelled Hiber |    10 |    18 ||    28
  Use: Scroll            |       |     3 ||     3
 Stab: Sleeping          |    21 |    22 ||    43
  Eat: Chunk             |       |     4 ||     4
Armor: Skin              |     2 |     2 ||     4
Dodge: Dodged            |    34 |    33 ||    67

Table legend:
 A = Spawn XP
 B = Non-spawn XP
 C = Spawn XP percentage of total XP
 D = Spawn monster count
 E = Non-spawn monster count
 F = Spawn count percentage of total count
 G = Total turns spent on level
                    A         B        C        D         E        F      G
               +---------+---------+-------+---------+---------+-------+---------
         Total |       0 |     166 |   0.0 |       0 |      61 |   0.0 |  3170
               +---------+---------+-------+---------+---------+-------+---------
           D:1 |       0 |       8 |   0.0 |       0 |       6 |   0.0 |   395
           D:2 |       0 |      91 |   0.0 |       0 |      31 |   0.0 |  1574
           D:3 |       0 |      67 |   0.0 |       0 |      24 |   0.0 |  1185
               +---------+---------+-------+---------+---------+-------+---------
